 Dungeon Crawl Stone Soup version 0.31-a0-532-g28f74ba3e5 (webtiles) character file.

Game seed: 2439593507078269004

694 pokeman the Magician (level 7, 0/38 HPs)
             Began as a Deep Elf Hedge Wizard on Aug 12, 2023.
             Slain by a gnoll
             ... wielding a +1 vampiric whip
             ... led by a gnoll bouda
              (6 damage)
             ... on level 5 of the Dungeon.
             The game lasted 00:07:43 (4402 turns).

pokeman the Magician (Deep Elf Hedge Wizard)        Turns: 4402, Time: 00:07:44

Health: 0/38       AC:  3    Str:  7    XL:     7   Next: 37%
Magic:  2/19       EV: 13    Int: 21    God:
Gold:   244        SH:  0    Dex: 14    Spells: 4/20 levels left

rFire   . . .        g - +0 war axe
rCold   . . .        (no shield)
rNeg    . . .        b - +0 robe
rPois   .            c - +0 hat
rElec   .            u - +0 cloak
rCorr   .            (no gloves)
SInv    .            (no boots)
Will    .....        (no amulet)
Stlth   ++           (no ring)
HPRegen 0.26/turn    (no ring)
MPRegen 0.16/turn

%: no passive effects
@: no status effects
A: no striking features
a: no special abilities


You were on level 5 of the Dungeon.
You visited 1 branch of the dungeon, and saw 5 of its levels.

You collected 244 gold pieces.

Inventory:

Hand Weapons
 g - a +0 war axe (weapon)
 t - a +2 quarterstaff of chaos
Missiles
 i - a throwing net
Armour
 b - a +0 robe (worn)
 c - a +0 hat (worn)
 u - a +0 cloak (worn)
Magical Staves
 o - a staff of fire
Jewellery
 x - an amulet of guardian spirit
Wands
 r - a wand of flame (12)
 s - a wand of acid (8)
 v - a wand of roots (5)
Scrolls
 e - a scroll of fog {unknown}
 h - 3 scrolls of identify {unknown}
 j - a scroll of teleportation {unknown}
 l - a scroll of immolation {unknown}
 n - a scroll of blinking {unknown}
 q - 2 scrolls of noise {unknown}
 w - a scroll of enchant armour {unknown}
 y - a scroll of poison {unknown}
 A - a scroll of fear {unknown}
Potions
 a - 2 potions of might {unknown}
 d - a potion of magic
 f - a potion of brilliance {unknown}
 k - a potion of curing {unknown}
 m - a potion of degeneration {unknown}
 p - 2 potions of haste {unknown}
 z - 2 potions of resistance {unknown}


   Skills:
 - Level 1.0 Fighting
 - Level 1.0 Armour
 - Level 3.0 Dodging
 - Level 3.0 Stealth
 * Level 7.3 Spellcasting
 + Level 5.6 Conjurations
 - Level 1.1 Summonings
 - Level 1.1 Translocations
 - Level 1.2 Transmutations
 - Level 1.2 Fire Magic
 + Level 0.2 Air Magic
 + Level 0.2 Earth Magic
 - Level 1.2 Poison Magic
 - Level 1.3 Evocations


You had 4 spell levels left.
You knew the following spells:

 Your Spells              Type           Power      Damage    Failure   Level
a - Magic Dart            Conj           100%       1d8       1%          1
b - Mephitic Cloud        Conj/Pois/Air  17%        N/A       10%         3
c - Call Imp              Summ           24%        N/A       9%          2
d - Blink                 Tloc           24%        N/A       9%          2
e - Stone Arrow           Conj/Erth      40%        3d9       8%          3
f - Irradiate             Conj/Tmut      11%        3d15      50%         5

Your spell library contained the following spells:

 Spells                   Type           Power      Damage    Failure   Level
 Momentum Strike          Conj/Tloc      42%        3d9       3%          2
 Wereblood                Tmut           12%        N/A       8%          2
 Slow                     Hex            28%        N/A       9%          1
 Lesser Beckoning         Tloc           24%        N/A       9%          2
 Cigotuvi's Dreadful Rot  Necr/Pois/Air  18%        N/A       11%         2
 Animate Armour           Summ/Erth      20%        N/A       54%         4
 Lehudib's Crystal Spear  Conj/Erth      10%        10d4      100%        8


Dungeon Overview and Level Annotations

Branches:
Dungeon (5/15)
 Temple: D:4-7

Altars:
Kikubaaqudgha

Shops:
D:4 (


Message History

Unknown command.
An adder comes into view.
The gnoll bouda closely misses you.
The adder moves out of view.
Casting: Mephitic Cloud (dangerous; 10% risk of failure)
Confirm with . or Enter, or press ? or * to list all spells.
Aiming: Mephitic Cloud (dangerous; 10% risk of failure)
Press: ? - help, Shift-Dir - straight line, f - gnoll, p - gnoll bouda
Aim: a gnoll, wielding a +0 flail (chance to affect: 91%)
The ball explodes into a vile cloud!
The stinking cloud engulfs the gnoll but does no damage. x2
The stinking cloud engulfs you but does no damage.
You are engulfed in noxious fumes.
You hear an angry hiss.
The gnoll is engulfed in noxious fumes.
The gnoll appears confused.
The gnoll hits you with a +0 flail! The gnoll misses you.
Unknown command.
The gnoll is engulfed in noxious fumes.
The gnoll appears confused.
The adder bites you but does no damage.
You hit the gnoll bouda. Your punch misses the gnoll bouda.
The gnoll bouda is heavily wounded.
You miss the adder. The adder bites you. The gnoll bouda barely misses you.
Unknown command.
You hit the gnoll bouda.
The gnoll bouda is severely wounded.
You hit the adder but do no damage. You hit the gnoll.
The adder bites you but does no damage. The gnoll misses you.
The adder bites you.
The gnoll hits you with a +1 vampiric whip.
* * * LOW HITPOINT WARNING * * *
Found a scroll labelled GEUCUF DEQUBRUOPH.
The adder bites you.
* * * LOW HITPOINT WARNING * * *
The gnoll hits you with a +1 vampiric whip.
* * * LOW HITPOINT WARNING * * *
The gnoll draws strength from your wounds!
Unknown command.
The gnoll bouda hits the gnoll with a +0 whip!
The gnoll attacks as you move away!
The gnoll hits you with a +1 vampiric whip.
You die...

..# #.#.# #?#.#
#.#.# #.#.#
#####.#.#
#.......###
#....@....#
+...Sgg...#
#...g.....#
#.........#
#.........# #
#...#.....#
###..##(..#.....#
..........#.#.###
.....#....#.#<#


You could see a gnoll bouda (confused), 2 gnolls and an adder.

Vanquished Creatures
  Sigmund (D:3)
  An ice beast (D:5)
  A black bear (D:4)
  A jelly (D:4)
  Crazy Yiuf (D:3)
  2 iguanas (D:4)
  3 orc wizards
  Ijyb (D:3)
  3 gnolls (D:5)
  5 adders
  A gnoll zombie (D:3)
  4 dart slugs
  4 orcs
  8 endoplasms
  4 giant cockroaches
  5 goblins
  2 hobgoblins (D:4)
  3 quokkas
  5 ball pythons
  6 bats
  A frilled lizard (D:2)
  7 kobolds
  6 rats
75 creatures vanquished.

Notes
Turn   | Place    | Note
-------+----------+-------------------------------------------
     0 | D:1      | pokeman the Deep Elf Hedge Wizard began the quest for the
                  | Orb.
     0 | D:1      | Reached XP level 1. HP: 10/10 MP: 7/7
   259 | D:1      | Reached XP level 2. HP: 11/16 MP: 1/9
   715 | D:1      | You fall into a shaft and drop 1 floor!
   764 | D:2      | Reached skill level 5 in Spellcasting
   838 | D:2      | Found a faded altar of an unknown god.
  1127 | D:2      | Reached XP level 3. HP: 20/20 MP: 8/11
  1131 | D:2      | Learned a level 3 spell: Mephitic Cloud
  1134 | D:2      | Learned a level 2 spell: Call Imp
  1137 | D:2      | Learned a level 2 spell: Blink
  2060 | D:3      | Reached skill level 1 in Fighting
  2060 | D:3      | Reached skill level 1 in Armour
  2169 | D:3      | Reached XP level 4. HP: 23/25 MP: 5/13
  2646 | D:3      | Noticed Sigmund
  2653 | D:3      | Noticed Ijyb
  2672 | D:3      | Killed Sigmund
  2673 | D:3      | Reached XP level 5. HP: 8/29 MP: 1/15
  2869 | D:3      | Killed Ijyb
  2870 | D:3      | Reached skill level 5 in Conjurations
  2870 | D:3      | Reached XP level 6. HP: 29/34 MP: 11/16
  3084 | D:3      | Found an ancient bone altar of Kikubaaqudgha.
  3115 | D:3      | Found a runed translucent door.
  3116 | D:3      | Noticed Crazy Yiuf
  3125 | D:3      | Killed Crazy Yiuf
  3266 | D:4      | Learned a level 3 spell: Stone Arrow
  3272 | D:4      | Learned a level 5 spell: Irradiate
  3345 | D:4      | Reached skill level 6 in Spellcasting
  3666 | D:4      | Reached skill level 1 in Transmutations
  3666 | D:4      | Reached skill level 1 in Evocations
  3677 | D:4      | Reached XP level 7. HP: 3/38 MP: 1/19
  4227 | D:4      | Found Xaimeim's Weapon Shop.
  4280 | D:5      | Entered Level 5 of the Dungeon
  4296 | D:5      | Reached skill level 7 in Spellcasting
  4296 | D:5      | Reached skill level 1 in Fire Magic
  4296 | D:5      | Reached skill level 1 in Poison Magic
  4402 | D:5      | Slain by a gnoll

Illustrated notes

Levels and vault maps discovered:
D:1:      minmay_arrival_plants_in_alcoves, layout_rooms
D:2:      cheibrodos_helix_gallery, layout_loops_corners,
          dreamdust_ecumenical_altar_angels_and_demons, serial_park_tiny_2
D:3:      layout_basic, mainiacjoe_overflow_chevrons,
          chequers_serial_rivers_micro_c, uniq_sigmund, uniq_ijyb,
          uniq_crazy_yiuf_cottage
D:4:      minmay_evil_eye, layout_basic, serial_shops,
          nicolae_shop_bloodbath_and_beyond
D:5:      layout_basic, lemuel_coloured_pillars_altar, kennysheep_mini,
          zin_statuary, kennysheep_generic_room_13, uniq_eustachio,
          uniq_blork_the_orc, uniq_menkaure

Skill      XL: |  1  2  3  4  5  6  7 |
---------------+----------------------+-----
Spellcasting   | 5 6 7 |  7.3
Fighting       | 1 |  1.0
Armour         | 1 |  1.0
Conjurations   | 2 4 5 |  5.6
Stealth        | 3 |  3.0
Dodging        | 3 |  3.0
Transmutations | 1 |  1.2
Evocations     | 1 |  1.3
Fire Magic     | 1 |  1.2
Poison Magic   | 1 |  1.2
Summonings     | |  1.1
Translocations | |  1.1
Air Magic      | |  0.2
Earth Magic    | |  0.2

Action                     |  1- 3 |  4- 6 |  7- 9 || total
---------------------------+-------+-------+-------++-------
  Melee: Dagger            |    14 |       |       ||    14
         War axe           |     9 |    45 |    12 ||    66
         Punch             |       |     2 |       ||     2
   Cast: Magic Dart        |    98 |    48 |    10 ||   156
         Mephitic Cloud    |     2 |    12 |     3 ||    17
         Stone Arrow       |       |       |     9 ||     9
  Evoke: Wand              |       |       |     1 ||     1
   Stab: Confused          |       |     9 |       ||     9
 Armour: Robe              |     2 |     6 |     4 ||    12
  Dodge: Dodged            |    16 |    23 |    10 ||    49

Table legend: (Time is in decaauts)
 A = Elapsed time spent in this place.
 B = Non-inter-level travel time spent in this place.
 C = Inter-level travel time spent in this place.
 D = Time resting spent in this place.
 E = Time spent auto-exploring this place.
 F = Levels seen in this place.
 G = Mean time per level.
                   A        B        C        D        E       F      G
               +--------+--------+--------+--------+--------+-----+--------+
         Total |   4434 |   4342 |     92 |    113 |   3600 |   5 |  886.8 |
       Dungeon |   4434 |   4342 |     92 |    113 |   3600 |   5 |  886.8 |
               +--------+--------+--------+--------+--------+-----+--------+

Top non-repeatable levels by time:
     D:3: 1195 daAuts
     D:2: 1122 daAuts
     D:4: 1063 daAuts
     D:1: 927 daAuts
     D:5: 124 daAuts
